 Dungeon Crawl Stone Soup version 0.21-a0-344-g2144152 (webtiles) character file.

56 tidbits the Sneak (level 3, -1/22 HPs)
             Began as a Felid Transmuter on Oct 4, 2017.
             Killed from afar by an orc wizard (9 damage)
             ... with a puff of flame
             ... on level 3 of the Dungeon.
             The game lasted 00:03:54 (561 turns).

tidbits the Sneak (Felid Transmuter)                 Turns: 561, Time: 00:03:55

Health: -1/22      AC: 21    Str:  6    XL:     3   Next: 71%
Magic:  5/7        EV:  4    Int: 15    God:
Gold:   36         SH:  0    Dex: 16    Spells: 3/6 levels left
                                        Lives:  0   Deaths: 0

rFire    . . .     SeeInvis +     - Unarmed
rCold    . . .     Gourm    .   (shield unavailable)
rNeg     + + +     Faith    .   (armour unavailable)
rPois    +         Spirit   .   (helmet unavailable)
rElec    .         Reflect  .   (cloak unavailable)
rCorr    .         Harm     .   (gloves unavailable)
MR       .....     NoTele   +   (boots unavailable)
Stlth    +++.......             (no amulet)
HPRegen  0.07/turn              (no ring)
MPRegen  0.10/turn              (no ring)

@: lethally poisoned (-1 -> -6), tree-form, very slightly contaminated,
invisible
A: no armour, no weapons or thrown items, stealth, repulsion field 1, see
invisible, carnivore 3, sense surroundings 1, slow metabolism 1
a: no special abilities


You were on level 3 of the Dungeon.
You were very full.
You were a tree.
You visited 1 branch of the dungeon, and saw 3 of its levels.

You collected 36 gold pieces.

Inventory:

Missiles
 a - 4 arrows
Wands
 d - a wand of random effects (41/48)
Scrolls
 h - a scroll of magic mapping {unknown}
 i - a scroll of recharging {unknown}
Books
 b - a book of Changes

   Spells                             Type                      Level
   a - Beastly Appendage              Transmutation                1
   b - Sticks to Snakes               Transmutation                2
   c - Spider Form                    Transmutation/Poison         3
   d - Ice Form                       Ice/Transmutation            4
   e - Blade Hands                    Transmutation                5
Comestibles
 c - a meat ration
 f - 2 chunks of flesh


   Skills:
 - Level 1.0 Fighting
 - Level 2.6 Dodging
 + Level 5.1 Stealth
 - Level 3.0 Unarmed Combat
 - Level 2.0 Spellcasting
 - Level 2.1 Transmutations


You had 3 spell levels left.
You knew the following spells:

 Your Spells              Type           Power        Failure   Level  Hunger
e - Beastly Appendage     Tmut           #.....       9%          1    #......
k - Sticks to Snakes      Tmut           #.......     14%         2    ###....


Dungeon Overview and Level Annotations

Branches:
Dungeon (3/15)

Altars:


Innate Abilities, Weirdness & Mutations

You cannot wear armour.
You are incapable of wielding weapons or throwing items.
Your paws allow you to move quietly. (Stealth)
((You have sharp claws.))
((You have razor-sharp teeth.))
You have supernaturally acute eyesight. (SInv)
You are carnivorous and can eat meat at any time.
((You cover ground quickly.))
((You are covered in fur. (AC +1)))
You have a slow metabolism.
((Your sharp claws are effective at attacking unaware monsters.))
You are surrounded by a mild repulsion field. (EV +2)
You passively map a small area around you.


Message History

You grow a pair of large bovine horns.
Casting: Beastly Appendage
Confirm with . or Enter, or press ? or * to list all spells.
You create a snake!
You now have 4 arrows.
The orc shouts!
You hear a shout!
You hear an angry hiss.
You scratch the orc. You headbutt the orc.
You kill the orc!
Your Stealth skill increases to level 4!
A frilled lizard and an orc wizard come into view.
The orc wizard is wielding a dagger of venom.
Your transformation is almost over.
The frilled lizard hisses angrily.
The orc wizard shouts!
You hear a shout!
The orc wizard gestures wildly while chanting.
The orc wizard seems to speed up.
You scratch the orc wizard.
The orc wizard is moderately wounded.
The orc wizard hits you but does no damage.
The orc wizard hits you with a dagger of venom.
You are lethally poisoned!
An orc wizard comes into view. It is wielding a dagger.
It was a potion of mutation.
You feel extremely strange.
You begin to radiate repulsive energy.
You feel a strange attunement to the structure of the dungeons.
You feel sick.
Your ball python barely misses the orc wizard.
Your ball python misses the orc wizard.
The orc wizard gestures at you while chanting.
The puff of frost misses you.
The orc wizard looks satisfied for a moment.
Your ball python closely misses the orc wizard.
Your ball python barely misses the orc wizard.
It was a potion of lignification.
Your horns disappear.
You turn into a tree.
Your roots penetrate the ground.
You feel sick. The orc wizard casts a spell at you.
Helpless, you fail to dodge the puff of frost.
Your ball python closely misses the orc wizard.
Your ball python barely misses the orc wizard.
The orc wizard gestures at you while chanting.
The puff of flame hits you!
It was a potion of invisibility.
You fade into invisibility!
You feel sick.
The orc wizard hits you but does no damage.
Your ball python barely misses the orc wizard. x2
The orc wizard hits your ball python with a dagger.
Your ball python dies!
You are very lightly contaminated with residual magic.
You pounce on the helpless orc wizard from behind!
You smack the orc wizard!
You kill the orc wizard!
Your Stealth skill increases to level 5!
You have reached level 3!
Your experience leads to an increase in your attributes!
Increase (S)trength, (I)ntelligence, or (D)exterity?
You feel clever.
You catch the helpless orc wizard completely off-guard!
You hit the orc wizard.
The orc wizard is lightly wounded.
You feel sick.
The frilled lizard bites you but does no damage.
The orc wizard gestures at you while chanting.
Helpless, you fail to dodge the puff of frost.
You hit the orc wizard but do no damage.
The orc wizard is lightly wounded.
The frilled lizard bites you but does no damage.
The orc wizard hits you but does no damage.
You hit the orc wizard but do no damage.
The orc wizard is lightly wounded.
You feel sick.
The orc wizard hits you but does no damage.
You completely miss the orc wizard.
The orc wizard is lightly wounded.
The orc wizard hits you but does no damage.
You catch the helpless orc wizard completely off-guard!
You hit the orc wizard but do no damage.
The orc wizard is lightly wounded.
You feel sick.
The frilled lizard bites you but does no damage.
You hit the frilled lizard.
The frilled lizard is heavily wounded.
The frilled lizard bites you but does no damage.
You closely miss the orc wizard.
The orc wizard is lightly wounded.
You feel sick.
The orc wizard hits you but does no damage.
The frilled lizard bites you but does no damage.
You smack the orc wizard!
The orc wizard is heavily wounded.
The orc wizard points at you and mumbles some strange words.
The magic dart hits you!
You hit the orc wizard. Your punch misses the orc wizard.
The orc wizard is severely wounded.
You feel sick.
You hit the frilled lizard.
You kill the frilled lizard!
You feel sick.
The orc wizard points at you and mumbles some strange words.
Helpless, you fail to dodge the puff of flame.
You die...

* #. ... ,
, #. .. ,
, .. #.l ,
, *#(* ..
#.##.#*, *
#.... ***
,
..###..)##
,
....o...♣#
#####....#
, #....# ,
,,#.<..# *
* #....# ,
#....# ,
.....#
.###### ..


You could see an orc wizard.

Vanquished Creatures
  An orc wizard (D:3)
  3 dart slugs
  An orc (D:3)
  A ball python (D:2)
  5 bats
  A giant cockroach (D:2)
  A goblin (D:2)
  A hobgoblin (D:1)
  2 jackals (D:2)
  A frilled lizard (D:3)
  A rat (D:1)
18 creatures vanquished.

Vanquished Creatures (collateral kills)
  2 jackals (D:2)
  A kobold (D:1)
  A rat (D:1)
4 creatures vanquished.

Grand Total: 22 creatures vanquished

Notes
Turn   | Place    | Note
-------+----------+-------------------------------------------
     0 | D:1      | tidbits the Felid Transmuter began the quest for the Orb.
     0 | D:1      | Reached XP level 1. HP: 9/9 MP: 4/4
    11 | D:1      | Reached skill level 1 in Stealth
    24 | D:1      | Reached skill level 2 in Stealth
   145 | D:2      | Reached XP level 2. HP: 12/12 MP: 4/6
   149 | D:2      | Learned a level 2 spell: Sticks to Snakes
   258 | D:2      | Reached skill level 3 in Stealth
   539 | D:3      | Reached skill level 4 in Stealth
   544 | D:3      | Gained mutation: You are surrounded by a mild repulsion field. (EV +2) [potion of mutation]
   544 | D:3      | Gained mutation: You passively map a small area around you. [potion of mutation]
   547 | D:3      | Reached skill level 5 in Stealth
   547 | D:3      | Reached XP level 3. HP: 13/15 MP: 4/7
   561 | D:3      | Killed from afar by an orc wizard

Vault maps used:
D:1:      lightli_arrival_chessboard
D:2:      okawaru_trees_1, bloody_trog
D:3:      vehumet_crystals, kennysheep_decorative_pillar, minmay_crystal_room,
          lemuel_angel_altar

Skill      XL: |  1  2 |
---------------+-------+-----
Stealth        | 2 5 |  5.1
Fighting       | |  1.0
Dodging        | |  2.6
Unarmed Combat | |  3.0
Spellcasting   | |  2.0
Transmutations | |  2.1

Action                   || total
-------------------------++-------
Melee: Unarmed           ||    72
       Headbutt          ||     5
       Punch             ||     1
       Bite              ||     2
 Cast: Beastly Appendage ||    11
       Sticks to Snakes  ||     8
  Use: Potion            ||     3
 Stab: Sleeping          ||     2
       Invisible         ||     3
  Eat: Chunk             ||     6
Armor: Skin              ||    20
Dodge: Dodged            ||    62

Table legend:
 A = Spawn XP
 B = Non-spawn XP
 C = Spawn XP percentage of total XP
 D = Spawn monster count
 E = Non-spawn monster count
 F = Spawn count percentage of total count
 G = Total turns spent on level
                    A         B        C        D         E        F      G
               +---------+---------+-------+---------+---------+-------+---------
         Total |       0 |      81 |   0.0 |       0 |      22 |   0.0 |   561
               +---------+---------+-------+---------+---------+-------+---------
           D:1 |       0 |      17 |   0.0 |       0 |       8 |   0.0 |   138
           D:2 |       0 |      20 |   0.0 |       0 |      11 |   0.0 |   395
           D:3 |       0 |      44 |   0.0 |       0 |       3 |   0.0 |    28
               +---------+---------+-------+---------+---------+-------+---------

Table legend:
 A = Turns spent in this place as a percentage of turns spent in the entire game.
 B = Non-inter-level travel turns spent in this place as a percentage of non-inter-level travel turns spent in the entire game.
 C = Inter-level travel turns spent in this place as a percentage of turns spent in this place.
 D = Turns resting spent in this place as a percentage of non-inter-level travel turns spent in this place.
 E = Turns spent auto-exploring this place as a percentage of non-inter-level travel turns spent in this place.
 F = Non-inter-level travel turns spent in this place divided by the number of levels of this place that you've seen.
                   A       B       C       D       E      F
               +-------+-------+-------+-------+-------+----------------------
         Total | 100.0 | 100.0 |   0.0 |   0.0 |   0.0 | 187.0
       Dungeon | 100.0 | 100.0 |   0.0 |   0.0 |   0.0 | 187.0
               +-------+-------+-------+-------+-------+----------------------

Table legend:
 A = Kills in this place as a percentage of kills in entire the game.
 B = Kills by you in this place as a percentage of kills by you in the entire game.
 C = Kills by friends in this place as a percentage of kills by friends in the entire game.
 D = Other kills in this place as a percentage of other kills in the entire game.
 E = Experience gained in this place as a percentage of experience gained in the entire game.
 F = Experience gained in this place divided by the number of levels of this place that you have seen.
                   A       B       C       D       E      F
               +-------+-------+-------+-------+-------+----------------------
         Total | 100.0 | 100.0 | 100.0 |   N/A | 100.0 |  27.0
       Dungeon | 100.0 | 100.0 | 100.0 |   N/A | 100.0 |  27.0
               +-------+-------+-------+-------+-------+----------------------

Vault maps used:
D:1:      lightli_arrival_chessboard
D:2:      okawaru_trees_1, bloody_trog
D:3:      vehumet_crystals, kennysheep_decorative_pillar, minmay_crystal_room,
          lemuel_angel_altar
